 Dungeon Crawl Stone Soup version 0.27.0-1-g7a089689b8 (webtiles) character file.

Game seed: 8725554219618882585

695 Spaninq the Bolt Thrower (level 7, -4/42 HPs)
             Began as a Tengu Arcane Marksman on Aug 12, 2021.
             Slain by a gnoll sergeant (9 damage)
             ... on level 4 of the Dungeon.
             The game lasted 00:17:31 (6107 turns).

Spaninq the Bolt Thrower (Tengu Arcane Marksman)    Turns: 6107, Time: 00:17:31

Health: -4/42      AC: 12    Str: 18    XL:     7   Next: 64%
Magic:  9/9        EV: 10    Int: 13    God:
Gold:   118        SH:  0    Dex: 15    Spells: 7/8 levels left

rFire    + . .     SeeInvis .   o - +0 demon trident
rCold    . . .     Faith    .   (no shield)
rNeg     . . .     Spirit   .   r - +1 chain mail {rF+}
rPois    .         Reflect  .   (helmet restricted)
rElec    .         Harm     .   (no cloak)
rCorr    .         Rampage  .   k - +2 pair of gloves
Will     .....                  (boots unavailable)
Stlth    ..........             (no amulet)
HPRegen  0.14/turn              n - +6 ring of strength
MPRegen  0.11/turn              (no ring)

@: flying quickly and evasively, quick
A: beak, talons 3, nimble flight
a: no special abilities


You were on level 4 of the Dungeon.
You visited 1 branch of the dungeon, and saw 4 of its levels.

You collected 118 gold pieces.

Inventory:

Hand Weapons
 a - a +0 hand crossbow
 o - a +0 demon trident (weapon)
Missiles
 c - 16 bolts
Armour
 k - a +2 pair of gloves (worn)
 r - a +1 chain mail of fire resistance (worn)
Jewellery
 n - a +6 ring of strength (left hand)
Scrolls
 b - a scroll of magic mapping {unknown}
 d - a scroll of holy word {unknown}
 e - 2 scrolls of teleportation {unknown}
 g - a scroll of vulnerability {unknown}
 h - 3 scrolls of identify {unknown}
 l - a scroll of enchant weapon {unknown}
 m - a scroll of acquirement {unknown}
Potions
 f - 2 potions of heal wounds {unknown}
 i - 2 potions of curing {unknown}
 p - a potion of flight {unknown}
 q - a potion of mutation {unknown}


   Skills:
 + Level 3.9 Fighting
 * Level 6.5 Crossbows
 + Level 1.3 Armour
 + Level 4.8 Dodging
 - Level 1.0 Spellcasting
 - Level 2.1 Hexes


You had 7 spell levels left.
You knew the following spells:

 Your Spells              Type           Power      Damage    Failure   Level
a - Corona                Hex            6%         N/A       86%         1

Your spell library contained the following spells:

 Spells                   Type           Power      Damage    Failure   Level
 Slow                     Hex            6%         N/A       95%         2
 Apportation              Tloc           0%         N/A       99%         1
 Shock                    Conj/Air       0%         1d3       99%         1
 Passwall                 Tmut/Erth      0%         N/A       99%         2
 Sublimation of Blood     Necr           0%         N/A       99%         2
 Inner Flame              Hex/Fire       3%         N/A       100%        3
 Portal Projectile        Hex/Tloc       6%         N/A       100%        3
 Swiftness                Air            0%         N/A       100%        3
 Cause Fear               Hex            3%         N/A       100%        4
 Petrify                  Tmut/Erth      0%         N/A       100%        4
 Alistair's Intoxication  Tmut/Pois      0%         N/A       100%        5
 Irradiate                Conj/Tmut      0%         3d13      100%        5
 Invisibility             Hex            3%         N/A       100%        6


Dungeon Overview and Level Annotations

Branches:
Dungeon (4/15)
 Temple: D:4-7

Altars:
Dithmenos
Wu Jian
Xom
The Shining One


Innate Abilities, Weirdness & Mutations

You have a beak for a mouth.
You have claws for feet.
Your magical nature lets you fly swiftly and evasively.


Message History

The gnoll sergeant closely misses you.
Okay, then.
There is a stone staircase leading up here.
You fly upwards.
There is a stone staircase leading down here.
You start resting.
HP restored.
You fly downwards.
There is a stone staircase leading up here.
Reach: o) +0 demon trident
Press: ? - help, Dir - move target, f - gnoll sergeant
Aim: a gnoll sergeant, wielding a +0 spear, wearing a +0 scale mail and wearing a +0 kite shield (about 32% to evade your +0 demon trident)
You reach to attack!
You hit the gnoll sergeant but do no damage.
The gnoll sergeant hits you from afar with a +0 spear.
Reach: o) +0 demon trident
Press: ? - help, Dir - move target, f/p - gnoll sergeant
Aim: a gnoll sergeant, wielding a +0 spear, wearing a +0 scale mail and wearing a +0 kite shield (about 32% to evade your +0 demon trident)
You reach to attack!
You hit the gnoll sergeant but do no damage.
The gnoll sergeant hits you from afar with a +0 spear.
The gnoll sergeant hits you from afar with a +0 spear!
You hit the gnoll sergeant. You claw the gnoll sergeant.
The gnoll sergeant is moderately wounded.
The gnoll sergeant hits you with a +0 spear. x2
You puncture the gnoll sergeant!
You claw the gnoll sergeant, but do no damage.
You peck the gnoll sergeant.
The gnoll sergeant is severely wounded.
The gnoll sergeant hits you with a +0 spear!
You hit the gnoll sergeant but do no damage.
You claw the gnoll sergeant.
The gnoll sergeant is almost dead.
The gnoll sergeant hits you with a +0 spear.
* * * LOW HITPOINT WARNING * * *
The gnoll sergeant hits you from afar with a +0 spear.
* * * LOW HITPOINT WARNING * * *
There is a stone staircase leading up here.
The gnoll sergeant hits you from afar with a +0 spear!
You die...

#...#...............# #######
##...#############.########......
...............# #.#....g.#.#####
##.###########.# #.#.####.#.# #.
##.# #.# #.....##(#.# #.
##.###### #.# #......#g#.# #.
##.#....# #.# #..#..##.#.####.
##.#.##.######.###g.#..##.#......
#...........##.#@...#g.......####
#...........##......#..).....# #.
..##.........#####..#........# #.
..##.##.##.#.....[...........# #.
#.#........#[########.#...######.
#.#..............................
..#......#.#.###.)........######.
(...>............................
.....###.#.#.##........##.#####.#


You could see a gnoll sergeant.

Vanquished Creatures
  Edmund (D:4)
  A necrophage (D:4)
  An ogre (D:4)
  A water moccasin skeleton (D:4)
  A howler monkey (D:4)
  2 hounds
  2 orc priests (D:4)
  An iguana (D:4)
  4 adders
  4 gnolls
  An ufetubus (D:4)
  A worm (D:3)
  4 dart slugs
  12 orcs
  3 ball pythons
  9 endoplasms
  A giant cockroach (D:3)
  3 goblins
  5 hobgoblins
  10 kobolds
  3 quokkas
  5 bats
  9 frilled lizards
  5 rats
89 creatures vanquished.

Notes
Turn   | Place    | Note
-------+----------+-------------------------------------------
     0 | D:1      | Spaninq the Tengu Arcane Marksman began the quest for the
                  | Orb.
     0 | D:1      | Reached XP level 1. HP: 12/12 MP: 3/3
   444 | D:1      | Reached XP level 2. HP: 11/16 MP: 4/4
  1414 | D:1      | Reached skill level 3 in Crossbows
  1567 | D:1      | Reached XP level 3. HP: 20/20 MP: 5/5
  1579 | D:1      | Found a faded altar of an unknown god.
  1615 | D:1      | Got Plato's Compendium of Confrontation
  2978 | D:2      | Reached XP level 4. HP: 23/26 MP: 6/6
  3223 | D:3      | Found a glowing golden altar of the Shining One.
  3253 | D:3      | Found a shadowy altar of Dithmenos.
  3639 | D:3      | Reached skill level 4 in Crossbows
  3720 | D:4      | Found a shimmering altar of Xom.
  3756 | D:4      | Gained mutation: Your magical nature lets you fly swiftly
                  | and evasively. [Tengu growth]
  3756 | D:4      | Reached XP level 5. HP: 19/31 MP: 7/7
  4179 | D:4      | Reached skill level 5 in Crossbows
  4179 | D:4      | Reached XP level 6. HP: 37/37 MP: 8/8
  4318 | D:4      | Noticed Edmund
  4323 | D:4      | Noticed a necrophage
  4473 | D:4      | Killed Edmund
  4474 | D:4      | Reached skill level 6 in Crossbows
  4474 | D:4      | Reached XP level 7. HP: 32/41 MP: 9/9
  4946 | D:4      | Reached skill level 1 in Armour
  5053 | D:4      | Found an ornate altar of the Wu Jian Council.
  6107 | D:4      | Slain by a gnoll sergeant

Illustrated notes

Levels and vault maps discovered:
D:1:      wheals_arrival_shading, layout_basic,
          shapermc_ecumenical_altar_rom_forum
D:2:      layout_basic, hex_intersection, minmay_lizard_pond
D:3:      layout_rooms, mainiacjoe_overflow_two_lobes
D:4:      layout_basic, mainiacjoe_overflow_brackets,
          mainiacjoe_overflow_alcove_1, lightli_minifort, uniq_edmund

Skill      XL: |  1  2  3  4  5  6  7 |
---------------+----------------------+-----
Crossbows      | 3 4 5 6 |  6.5
Fighting       | 2 3 |  3.9
Dodging        | 3 4 |  4.8
Armour         | 1 |  1.3
Spellcasting   | |  1.0
Hexes          | |  2.1

Action                   |  1- 3 |  4- 6 |  7- 9 || total
-------------------------+-------+-------+-------++-------
Melee: Short sword       |    66 |     9 |       ||    75
       Kick              |    17 |    21 |    17 ||    55
       Peck              |    11 |    12 |    10 ||    33
       Demon trident     |       |   110 |    89 ||   199
 Fire: Hand crossbow     |    16 |       |       ||    16
 Stab: Sleeping          |     3 |     1 |       ||     4
Armor: Robe              |    17 |    10 |       ||    27
       Chain mail        |       |       |    40 ||    40
Dodge: Dodged            |    41 |    49 |    32 ||   122
